 Dungeon Crawl Stone Soup version 0.28.0 (webtiles) character file.

Game seed: 16615542228589027902

1244 zeram the Covert (level 8, -12/52 HPs)
             Began as an Octopode Fighter on Feb 5, 2022.
             Was an Initiate of Gozag.
             Mangled by an ogre (25 damage)
             ... on level 5 of the Dungeon.
             The game lasted 00:07:35 (5613 turns).

zeram the Covert (Octopode Fighter)                 Turns: 5613, Time: 00:07:35

Health: -12/52     AC:  1    Str: 15    XL:     8   Next: 50%
Magic:  8/8        EV: 14    Int: 12    God:    Gozag
Gold:   378        SH:  6    Dex: 12    Spells: 7/7 levels left

rFire   . . .      SeeInvis .   g - +1 dagger (holy)
rCold   . . .      Faith    .   b - +1 buckler
rNeg    . . .      Spirit   .   (helmet restricted)
rPois   .          Reflect  .   (no amulet)
rElec   .          Harm     .   (no ring)
rCorr   .          Rampage  .   (no ring)
Will    .....                   (no ring)
Stlth   +++++.....              (no ring)
HPRegen 0.17/turn               (no ring)
MPRegen 0.11/turn               (no ring)
                                (no ring)
                                (no ring)

@: mighty, studying Dodging
A: almost no armour, amphibious, 8 rings, camouflage 1, gelatinous body 1,
(nimble swimmer 1), tentacles
a: Renounce Religion, Potion Petition, Call Merchant, Bribe Branch


You were on level 5 of the Dungeon.
You worshipped Gozag.
Gozag was aware of your devotion.
You visited 2 branches of the dungeon, and saw 6 of its levels.

You collected 424 gold pieces.
You paid 46 gold pieces to Gozag.

Inventory:

Hand Weapons
 a - a +0 spectral rapier
 g - a +1 dagger of holy wrath (weapon)
Armour
 b - a +1 buckler (worn)
Wands
 f - a wand of acid (12)
 k - a wand of paralysis (16)
Scrolls
 d - a scroll of brand weapon
 l - 2 scrolls of identify
Potions
 e - a potion of brilliance
 i - a potion of magic
 j - a potion of degeneration


   Skills:
 - Level 3.0 Fighting
 + Level 6.1 Short Blades
 + Level 5.6 Dodging
 + Level 9.5 Stealth
 + Level 3.8 Shields


You had 7 spell levels left.
You didn't know any spells.
Your spell library contained the following spells:

 Spells                   Type           Power      Damage    Failure   Level
 Pain                     Necr           0%         1d4       38%         1
 Agony                    Necr           0%         N/A       100%        5
 Excruciating Wounds      Necr           0%         N/A       100%        5


Dungeon Overview and Level Annotations

Branches:
Dungeon (5/15)             Temple (1/1) D:4

Altars:
Ashenzari
Cheibriados
Dithmenos
Elyvilon
Fedhas
Gozag
Hepliaklqana
Kikubaaqudgha
Makhleb
Nemelex Xobeh
Okawaru
Qazlal
Ru
Sif Muna
Trog
Uskayaw
Vehumet
Wu Jian
Xom
Yredelemnul
Zin
The Shining One


Innate Abilities, Weirdness & Mutations

You cannot wear most types of armour.
You are amphibious.
You can wear up to eight rings at the same time.
Your skin changes colour to match your surroundings (Stealth+).
Your rubbery body absorbs attacks. (AC +1, EV +1)
((You are camouflaged when in or above water. (Stealth+)))
You have tentacles for arms and can constrict up to eight enemies at once.


Message History

Menkaure is nearby!
Menkaure is nearby!
You see here 4 gold pieces.
You hit Menkaure.
Menkaure convulses.
You grab Menkaure.
Menkaure is moderately damaged.
You constrict Menkaure, but do no damage.
You hit Menkaure.
Menkaure convulses.
Menkaure is moderately damaged.
You constrict Menkaure, but do no damage.
Menkaure barely misses you.
You hit Menkaure.
Menkaure convulses.
You squeeze Menkaure.
Menkaure is almost destroyed.
You constrict Menkaure. You block Menkaure's attack.
You hit Menkaure.
Menkaure convulses.
You destroy Menkaure!
Your Short Blades skill increases to level 6!
No target in view!
No target in view!
You now have 341 gold pieces (gained 6).
You now have 345 gold pieces (gained 4).
You now have 351 gold pieces (gained 6).
You now have 370 gold pieces (gained 19).
l - 2 scrolls of identify (gained 1)
You now have 378 gold pieces (gained 8).
Found a stone staircase leading up.
An ogre is nearby!
An ogre is nearby!
An ogre is nearby!
An ogre is nearby!
The ogre hits you with a +0 giant club!!
You closely miss the ogre. The ogre hits you with a +0 giant club!
* * * LOW HITPOINT WARNING * * *
You are too injured to fight recklessly!
You are too injured to fight recklessly!
Okay, then.
You are too injured to fight recklessly!
You feel very mighty all of a sudden.
The ogre hits you with a +0 giant club!!
You die...
Your body crumbles into a pile of gold.

#.#..# #...#.##.###.#.####.......
#.#..###.....................####
...........#.##.###.#.####...#
###..........##.###.#.# ##.##
#...###.).......#.#.# #.# #...#
##.######.#.#.# #.# # #...# #.#
#.#.#.# #.# ###..>#
#.######.....# #.## ......#
#.....O@.....# #..# ###.#.#
########....#### ##.# ## # #.#.#
#...#....## #.###. #.#.#
<...#.##...###.##.. #....
....##.#........##.. ###
###..##.#....##..##.. ##
#..[.....#.###..###. .#
#...##.###.# #..# ## .###
#...#...##.# #..# #


You could see an ogre.

Vanquished Creatures
  Menkaure (D:5)
  A water moccasin (D:4)
  2 ice beasts (D:5)
  2 ogres
  A centaur (D:5)
  A phantom (D:5)
  A scorpion (D:4)
  A wyvern zombie (D:5)
  A jelly (D:4)
  A hound (D:4)
  A centaur skeleton (D:5)
  Ijyb (D:3)
  An iguana (D:5)
  Natasha (thrice) (D:3)
  An orc wizard (D:4)
  A hound skeleton (D:5)
  Robin (D:3)
  3 adders
  A howler monkey skeleton (D:4)
  A shadow imp (D:5)
  An ufetubus (D:5)
  2 worms
  4 dart slugs
  3 orcs
  5 ball pythons
  4 bats
  4 endoplasms
  A giant cockroach (D:2)
  10 goblins (D:3)
  6 hobgoblins
  4 jackals (D:1)
  5 quokkas
  2 frilled lizards
  5 kobolds
  6 rats
  A spectral hobgoblin (D:2)
89 creatures vanquished.

Notes
Turn   | Place    | Note
-------+----------+-------------------------------------------
     0 | D:1      | zeram the Octopode Fighter began the quest for the Orb.
     0 | D:1      | Reached XP level 1. HP: 16/16 MP: 1/1
   338 | D:1      | Reached XP level 2. HP: 19/21 MP: 2/2
   847 | D:1      | Identified a scroll of acquirement
   847 | D:1      | Acquired a manual of Dodging
   893 | D:2      | Reached XP level 3. HP: 26/26 MP: 3/3
   895 | D:2      | Found a faded altar of an unknown god.
  1113 | D:2      | Reached skill level 1 in Stealth
  1643 | D:3      | Noticed Natasha
  1650 | D:3      | Killed Natasha
  1651 | D:3      | Reached skill level 2 in Stealth
  1651 | D:3      | Reached XP level 4. HP: 26/31 MP: 4/4
  1665 | D:3      | Noticed Natasha
  1675 | D:3      | Killed Natasha
  1843 | D:3      | Reached XP level 5. HP: 12/36 MP: 5/5
  2100 | D:3      | Noticed Robin
  2109 | D:3      | Noticed Natasha
  2122 | D:3      | HP: 1/36 [Natasha/magic dart (7)]
  2537 | D:3      | Killed Natasha
  2538 | D:3      | Reached skill level 3 in Stealth
  2835 | D:3      | Noticed Ijyb
  2841 | D:3      | Paralysed by Ijyb for 3 turns
  2847 | D:3      | Killed Ijyb
  3031 | D:3      | Killed Robin
  3325 | D:4      | Reached skill level 4 in Stealth
  3325 | D:4      | Reached XP level 6. HP: 42/42 MP: 6/6
  3432 | D:4      | Found a staircase to the Ecumenical Temple.
  3445 | Temple   | Entered the Ecumenical Temple
  3653 | Temple   | Became a worshipper of Gozag Ym Sagoz the Greedy
  3738 | D:4      | Found a glowing silver altar of Zin.
  3738 | D:4      | Noticed an angel
  3835 | D:4      | Reached skill level 5 in Stealth
  3913 | D:4      | Reached XP level 7. HP: 46/46 MP: 7/7
  4248 | D:5      | Entered Level 5 of the Dungeon
  4260 | D:5      | Reached skill level 5 in Short Blades
  4260 | D:5      | Reached skill level 6 in Stealth
  4268 | D:4      | Reached skill level 5 in Dodging
  4914 | D:5      | Reached skill level 7 in Stealth
  4988 | D:5      | Reached skill level 8 in Stealth
  4988 | D:5      | Reached XP level 8. HP: 40/52 MP: 8/8
  5307 | D:5      | Reached skill level 9 in Stealth
  5473 | D:5      | Noticed Menkaure
  5480 | D:5      | Killed Menkaure
  5613 | D:5      | Mangled by an ogre

Illustrated notes

Levels and vault maps discovered:
D:1:      eino_arrival_water_star, layout_basic, kennysheep_doodads
D:2:      layout_basic, serial_curves, eino_curves_04, eino_curves_04,
          eino_curves_04, dreamdust_ecumenical_altar_drowned_temple,
          kennysheep_cross_bottleneck
D:3:      layout_basic, uniq_ijyb, uniq_robin, uniq_natasha
D:4:      layout_gridville, zin_angel, minmay_temple_entry_overgrown
D:5:      layout_loops_ring, minmay_misc_feat_enclosed, uniq_menkaure
Temple:   kilobyte_greek_temple

Skill      XL: |  1  2  3  4  5  6  7  8 |
---------------+-------------------------+-----
Stealth        | 2 4 5 8 9 |  9.5
Short Blades   | 3 4 5 6 |  6.1
Dodging        | 4 5 |  5.6
Fighting       | |  3.0
Shields        | |  3.8

Action                   |  1- 3 |  4- 6 |  7- 9 || total
-------------------------+-------+-------+-------++-------
Melee: Rapier            |    61 |    69 |     3 ||   133
       Tentacles         |    15 |    17 |    18 ||    50
       Constrict         |    10 |    13 |     5 ||    28
       Dagger            |       |       |    70 ||    70
  Use: Scroll            |     6 |     6 |     3 ||    15
       Potion            |       |     1 |     2 ||     3
 Stab: Sleeping          |     8 |    10 |     7 ||    25
       Distracted        |     1 |       |     2 ||     3
Armor: Skin              |     8 |     2 |     2 ||    12
Dodge: Dodged            |    36 |    26 |    34 ||    96
Block: Buckler           |    10 |     9 |    15 ||    34
